 Dungeon Crawl Stone Soup version 0.22-a0-389-g8519d86 (webtiles) character file.

3012 CanOfBees the Skirmisher (level 9, 0/72 HPs)
             Began as a Demonspawn Gladiator on Apr 30, 2018.
             Was an Initiate of Kikubaaqudgha.
             Slain by an orc warrior
             ... wielding a +0 battleaxe
              (20 damage)
             ... on level 8 of the Dungeon.
             The game lasted 00:19:37 (9179 turns).

CanOfBees the Skirmisher (Demonspawn Gladiator)     Turns: 9179, Time: 00:19:38

Health: 0/72       AC:  6    Str: 17    XL:     9   Next: 55%
Magic:  0/15       EV: 13    Int: 11    God:    Kikubaaqudgha [......]
Gold:   432        SH:  5    Dex: 14    Spells: 15/17 levels left

rFire    . . .     SeeInvis .   a - +0 long sword
rCold    + . .     Gourm    .   d - +2 buckler
rNeg     . . .     Faith    .   p - +0 ring mail
rPois    .         Spirit   +   c - +0 helmet
rElec    .         Reflect  .   (no cloak)
rCorr    .         Harm     .   (no gloves)
MR       .....                  (no boots)
Stlth    ..........             (no amulet)
HPRegen  0.22/turn              u - ring of protection from cold
MPRegen  0.14/turn              K - ring of wizardry

@: no status effects
A: hooves 2, repulsion field 1, magic shield
a: Renounce Religion


You were on level 8 of the Dungeon.
You worshipped Kikubaaqudgha.
Kikubaaqudgha was noncommittal.
You were not hungry.

You visited 1 branch of the dungeon, and saw 8 of its levels.

You collected 432 gold pieces.

Inventory:

Hand Weapons
 a - a +0 long sword (weapon)
 k - a +1 rapier of speed
 o - a +1 whip of venom
 r - a +0 hunting sling
 M - a +0 morningstar of crushing
Missiles
 j - 115 stones (quivered)
 m - 41 poisoned needles
 A - 12 tomahawks
 C - 2 needles of sleeping
 E - 45 sling bullets
Armour
 c - a +0 helmet (worn)
 d - a +2 buckler (worn)
 p - a +0 ring mail (worn)
Magical Staves
 x - an uncursed staff of air
Jewellery
 u - a ring of protection from cold (left hand)
 B - an uncursed ring of protection from magic
 K - a ring of wizardry (right hand)
 Q - an uncursed ring of protection from magic
 S - an uncursed ring of positive energy {unknown}
Wands
 F - a wand of enslavement (10)
 J - a wand of random effects (14)
 L - a wand of polymorph (12)
 N - a wand of paralysis (4)
Scrolls
 e - 3 scrolls of remove curse
 g - 3 scrolls of identify
 h - a scroll of immolation {unknown}
 l - 3 scrolls of amnesia
 v - 5 scrolls of magic mapping
 y - a scroll of noise {unknown}
 D - 3 scrolls of teleportation {unknown}
 G - 2 scrolls of fear {unknown}
 H - a scroll of fog {unknown}
 R - a scroll of summoning {unknown}
Potions
 n - a potion of invisibility {unknown}
 q - a potion of magic
 s - a potion of might {unknown}
 t - 2 potions of heal wounds {unknown}
 w - a potion of flight {unknown}
 z - a potion of resistance {unknown}
 I - a potion of brilliance {unknown}
 O - a potion of haste {unknown}
 P - 4 potions of agility {unknown}
Comestibles
 f - 16 rations


   Skills:
 + Level 7.3 Fighting
 - Level 6.0 Long Blades
 + Level 3.6 Maces & Flails
 - Level 3.0 Throwing
 - Level 3.0 Armour
 - Level 3.0 Dodging
 + Level 4.5 Spellcasting
 + Level 5.5 Necromancy


You had 15 spell levels left.
You knew the following spells:

 Your Spells              Type           Power        Failure   Level  Hunger
a - Animate Skeleton      Necr           N/A          2%          1    None
b - Pain                  Necr           ##..         2%          1    None


Dungeon Overview and Level Annotations

Branches:
Dungeon (8/15)             Temple (0/1) D:6
   Lair: D:8-11

Altars:
Gozag
Hepliaklqana
Kikubaaqudgha
Trog
Vehumet

Shops:
D:6 (

Annotations:
D:6 CanOfBees's ghost, novice OgHu


Innate Abilities, Weirdness & Mutations

You have hoof-like feet.
You are surrounded by a mild repulsion field. (EV +2)
When hurt, damage is shared between your health and your magic reserves.


Message History

Aiming: Scattershot
Press: ? - help, Shift-Dir - straight line, f/p - orc warrior
Aim: an orc warrior, wielding a battleaxe and wearing a chain mail The burst of metal fragments hits the orc warrior. x4
The orc warrior is heavily wounded.
The orc warrior hits you with a battleaxe.
* * * LOW HITPOINT WARNING * * *
The adder skeleton bites you but does no damage.
The orc priest calls upon Beogh to heal the orc warrior.
The orc warrior is healed somewhat.
Evoke which item? (* to show all) (? for menu, Esc to quit)
Aiming: Scattershot
Press: ? - help, Shift-Dir - straight line, f/p - orc warrior
Aim: an orc warrior, wielding a battleaxe and wearing a chain mail (moderately wounded)
The burst of metal fragments hits the orc warrior. x2
The orc warrior is heavily wounded.
The now-empty wand crumbles to dust.
The adder skeleton misses you.
The orc warrior hits you with a battleaxe!!
You die...
Kikubaaqudgha rasps: "You have failed me!
Welcome... death!"

#### # # ### # . #.. ....#
# ...####.# ...#####
........### #.....##
.......coo###### #.....##
...#....#Z@....#####.....##
........##)..............#
...#....#######..........##
.. #....# #####.......# .
#....# ##....... ######
#.....## ######## # #


You could see an orc warrior, a centaur, an orc priest and an adder skeleton.

Vanquished Creatures
  A gargoyle (D:7)
  Grinder (D:6)
  Prince Ribbit (D:7)
  A hippogriff (D:8)
  A spriggan (D:8)
  An orc warrior (D:7)
  A sky beast (D:6)
  3 phantoms
  3 ogres
  A centaur (D:6)
  2 bullfrogs (D:7)
  3 scorpions
  A howler monkey (D:5)
  An electric eel (D:6)
  2 crimson imps
  A bullfrog zombie (D:7)
  A centaur zombie (D:5)
  2 jellies
  4 hounds
  3 bullfrog skeletons
  An orc priest (D:7)
  A centaur skeleton (D:6)
  2 orc wizards
  A worker ant (D:4)
  A hound zombie (D:5)
  A hound skeleton (D:5)
  Robin (D:2)
  9 adders
  2 shadow imps
  An ooze (D:1)
  An adder zombie (D:6)
  An adder skeleton (D:6)
  3 worms
  3 dart slugs
  4 leopard geckos
  22 orcs
  3 bats
  2 bat zombies (D:5)
  4 giant cockroaches
  17 goblins
  7 hobgoblins
  7 jackals
  3 quokkas
  2 ball pythons (D:1)
  6 frilled lizards
  8 kobolds
  A quokka skeleton (D:5)
  A quokka zombie (D:5)
  9 rats
158 creatures vanquished.

Vanquished Creatures (collateral kills)
  An orc warrior (D:7)
  An orc wizard (D:7)
  A worm (D:6)
  2 jackals (D:6)
5 creatures vanquished.

Vanquished Creatures (others)
  2 orcs (D:7)
2 creatures vanquished.

Grand Total: 165 creatures vanquished

Notes
Turn   | Place    | Note
-------+----------+-------------------------------------------
     0 | D:1      | CanOfBees the Demonspawn Gladiator began the quest for the Orb.
     0 | D:1      | Reached XP level 1. HP: 16/16 MP: 1/1
   362 | D:1      | Gained mutation: When hurt, damage is shared between your health and your magic reserves. [demonic ancestry]
   362 | D:1      | Reached XP level 2. HP: 17/22 MP: 2/2
   972 | D:2      | Gained mutation: You have large cloven feet. [demonic ancestry]
   972 | D:2      | Reached XP level 3. HP: 28/28 MP: 3/3
  1039 | D:2      | Found an opulent altar of Gozag.
  1179 | D:2      | Noticed Robin
  1326 | D:2      | Killed Robin
  1331 | D:2      | Reached XP level 4. HP: 33/34 MP: 4/4
  1611 | D:2      | Reached skill level 3 in Fighting
  2381 | D:3      | Gained mutation: You have hoof-like feet. [demonic ancestry]
  2381 | D:3      | Reached XP level 5. HP: 28/41 MP: 5/5
  2950 | D:3      | Found a hazy altar of Hepliaklqana.
  2951 | D:3      | Found a radiant altar of Vehumet.
  3498 | D:4      | Reached skill level 1 in Armour
  3530 | D:4      | Reached XP level 6. HP: 48/48 MP: 6/6
  3554 | D:4      | Reached skill level 4 in Fighting
  4041 | D:5      | Entered Level 5 of the Dungeon
  4394 | D:5      | Reached XP level 7. HP: 55/55 MP: 7/7
  4529 | D:5      | HP: 1/55 [phantom (4)]
  4542 | D:5      | Reached skill level 5 in Fighting
  4542 | D:5      | Reached skill level 5 in Long Blades
  4759 | D:5      | Found an ancient bone altar of Kikubaaqudgha.
  4767 | D:5      | Became a worshipper of Kikubaaqudgha
  5016 | D:6      | Reached skill level 1 in Spellcasting
  5016 | D:6      | Reached skill level 1 in Necromancy
  5099 | D:6      | Learned a level 1 spell: Animate Skeleton
  5101 | D:6      | Learned a level 1 spell: Pain
  5229 | D:6      | Noticed Grinder
  5252 | D:6      | Killed Grinder
  5252 | D:6      | Gained mutation: You are surrounded by a mild repulsion field. (EV +2) [demonic ancestry]
  5252 | D:6      | Reached XP level 8. HP: 36/64 MP: 6/11
  5414 | D:6      | Found Gakleb's Weapon Shop.
  6105 | D:6      | Found a staircase to the Ecumenical Temple.
  6293 | D:6      | Noticed CanOfBees's ghost (novice OgHu)
  6418 | D:7      | Noticed Prince Ribbit
  6436 | D:7      | Found a bloodstained altar of Trog.
  6437 | D:7      | Killed Prince Ribbit
  6437 | D:7      | Reached skill level 6 in Fighting
  6437 | D:7      | Reached skill level 1 in Maces & Flails
  6847 | D:7      | Noticed a gargoyle
  7136 | D:6      | Reached XP level 9. HP: 20/71 MP: 7/14
  7455 | D:7      | Reached * piety under Kikubaaqudgha
  7455 | D:7      | Identified Kikubaaqudgha's Volume of Necromancy (Kikubaaqudgha gifted it to you on level 7 of the Dungeon)
  7455 | D:7      | Received a gift from Kikubaaqudgha
  7538 | D:7      | Killed a gargoyle
  8023 | D:7      | Reached skill level 7 in Fighting
  8023 | D:7      | Reached skill level 5 in Necromancy
  9179 | D:8      | Slain by an orc warrior

Vault maps used:
D:1:      eino_arrival_cavern_a, kennysheep_boxes
D:2:      grunt_gozag_breadcrumbs, uniq_robin
D:3:      nicolae_overflow_hidden_temple
D:5:      lemuel_zombie_altar_kikubaaqudgha, first_ration
D:6:      cheibrodos_helix_gallery, minmay_temple_entry_nine_rooms,
          serial_shops, nicolae_shop_waterfront, uniq_grinder
D:7:      bloody_trog, uniq_prince_ribbit1
D:8:      serial_shops, nicolae_shop_crystal, shop, the_bakery

Skill      XL: |  1  2  3  4  5  6  7  8  9 |
---------------+----------------------------+-----
Throwing       | 2 3 |  3.0
Long Blades    | 3 4 5 6 |  6.0
Dodging        | 3 |  3.0
Fighting       | 3 4 5 6 7 |  7.3
Armour         | 1 2 3 |  3.0
Spellcasting   | 2 3 4 |  4.5
Necromancy     | 2 4 5 |  5.5
Maces & Flails | 2 3 |  3.6

Action                   |  1- 3 |  4- 6 |  7- 9 || total
-------------------------+-------+-------+-------++-------
Melee: Long sword        |    89 |    70 |   236 ||   395
       Kick              |     8 |    45 |   100 ||   153
       Whip              |       |    87 |       ||    87
       Rapier            |       |       |    48 ||    48
Throw: Stone             |    14 |     1 |    30 ||    45
       Throwing net      |     3 |     1 |     3 ||     7
       Tomahawk          |       |    24 |    27 ||    51
 Cast: Animate Skeleton  |       |       |     7 ||     7
       Pain              |       |       |     2 ||     2
Invok: Receive Corpses   |       |       |     2 ||     2
Evoke: Wand              |       |       |    11 ||    11
  Use: Scroll            |       |     4 |     1 ||     5
       Potion            |       |       |     5 ||     5
 Stab: Distracted        |       |       |     2 ||     2
       Paralysed         |       |       |     7 ||     7
  Eat: Chunk             |     1 |    10 |    13 ||    24
       Ration            |       |       |     1 ||     1
Armor: Leather armour    |    37 |    33 |    12 ||    82
       Ring mail         |       |       |    44 ||    44
Dodge: Dodged            |    78 |   126 |   143 ||   347
Block: Buckler           |       |       |    50 ||    50
       Rpst.: Long sword |    21 |    25 |    33 ||    79

Table legend:
 A = Spawn XP
 B = Non-spawn XP
 C = Spawn XP percentage of total XP
 D = Spawn monster count
 E = Non-spawn monster count
 F = Spawn count percentage of total count
 G = Total turns spent on level
                    A         B        C        D         E        F      G
               +---------+---------+-------+---------+---------+-------+---------
         Total |       0 |    4303 |   0.0 |       0 |     164 |   0.0 |  9179
               +---------+---------+-------+---------+---------+-------+---------
           D:1 |       0 |      38 |   0.0 |       0 |      21 |   0.0 |   981
           D:2 |       0 |     120 |   0.0 |       0 |      35 |   0.0 |  1283
           D:3 |       0 |      85 |   0.0 |       0 |      27 |   0.0 |   841
           D:4 |       0 |     229 |   0.0 |       0 |      12 |   0.0 |  1061
           D:5 |       0 |     545 |   0.0 |       0 |      19 |   0.0 |  1333
           D:6 |       0 |    1054 |   0.0 |       0 |      19 |   0.0 |  1775
           D:7 |       0 |    1592 |   0.0 |       0 |      27 |   0.0 |  1617
           D:8 |       0 |     640 |   0.0 |       0 |       4 |   0.0 |   288
               +---------+---------+-------+---------+---------+-------+---------
